 Dungeon Sprint DCSS version 0.21.0-30-g47ce8e4 (webtiles) character file.

4232 Psiloshibe the Fighter (level 10, -1/95 HPs)
             Began as a Barachi Berserker on Jan 28, 2018.
             Was a High Priest of Trog.
             Slain by a catoblepas (9 damage)
             ... in the Dungeon (Sprint IX: "|||||||||||||||||||||||||||||").
             The game lasted 00:06:14 (982 turns).

Psiloshibe the Fighter (Barachi Berserker)           Turns: 982, Time: 00:06:15

Health: -1/95      AC: 12    Str: 19    XL:     10   Next: 30%
Magic:  10/10      EV:  2    Int:  3    God:    Trog [*****.]
Gold:   12         SH:  0    Dex: 18    Spells: 9/9 levels left

rFire    + + .     SeeInvis .   c - +9 great sword of Mastery {drain, rF++ MR++ Int-4}
rCold    . . .     Gourm    .   (shield currently unavailable)
rNeg     + + +     Faith    .   r - +2 ring mail
rPois    ∞         Spirit   .   (no helmet)
rElec    .         Reflect  .   (no cloak)
rCorr    .         Harm     .   q - +0 pair of gloves
MR       ++...     NoTele   +   p - +0 pair of boots
Stlth    +.........             (no amulet)
HPRegen  0.25/turn              n - +3 ring of dexterity
MPRegen  0.12/turn              o - +2 ring of evasion

@: petrified, berserk cooldown, hasted and slowed, slow
A: +LOS, swims, slowness 1, strong legs 1
a: Hop, Berserk, Trog's Hand, Brothers in Arms, Burn Spellbooks, Renounce
Religion


You were in the Dungeon.
You worshipped Trog.
Trog was extremely pleased with you.
You were hungry.

You visited 1 branch You collected 12 gold pieces.

Inventory:

Hand Weapons
 b - a +2 scimitar of holy wrath
 c - the +9 great sword of Mastery (weapon) {drain, rF++ MR++ Int-4}
   (Trog gifted it to you in the Dungeon)

   A truly terrible weapon, it drains the life of those it strikes.
   It affects your intelligence (-4).
   It greatly protects you from fire.
   It affects your resistance to hostile enchantments.
 v - a +2 rapier of electrocution
Armour
 p - a +0 pair of boots (worn)
 q - a +0 pair of gloves (worn)
 r - a +2 ring mail (worn)
Jewellery
 n - a +3 ring of dexterity (left hand)
 o - a +2 ring of evasion (right hand)
Wands
 m - a wand of acid (10)
Scrolls
 i - 4 scrolls of blinking
 l - 3 scrolls of remove curse
 t - 2 scrolls of enchant armour
 u - 2 scrolls of fear
Potions
 d - 5 potions of curing
 e - 4 potions of heal wounds
 g - 4 potions of magic
 h - 3 potions of berserk rage
 k - a potion of invisibility
 s - a potion of resistance
Comestibles
 a - 2 rations
 j - 4 chunks of flesh


   Skills:
 + Level 14.8 Fighting
 + Level 12.0(14.3) Short Blades
 + Level 14.4(16.1) Long Blades
 + Level 9.6 Armour
 + Level 10.0 Dodging
 + Level 0.3 Stealth


You had 9 spell levels left.
You didn't know any spells.

Dungeon Overview and Level Annotations

Branches:
Dungeon (1/1)

Altars:
Cheibriados
Dithmenos
Elyvilon
Fedhas
Gozag
Hepliaklqana
Kikubaaqudgha
Makhleb
Nemelex Xobeh
Okawaru
Qazlal
Ru
Sif Muna
Trog
Uskayaw
Vehumet
Wu Jian
Xom
Yredelemnul
Zin
The Shining One
Beogh
Jiyva
Lugonu


Innate Abilities, Weirdness & Mutations

Shadows flee at your approach. (+LOS)
You can swim through water.
You cover ground slowly.
You can hop short distances.


Message History

* * * LOW HITPOINT WARNING * * *
You turn to flesh and can move again.
You feel much better.
You are engulfed in calcifying dust.
You are slowing down.
The catoblepas gores you!
You feel yourself speed up.
You are engulfed in calcifying dust.
You are ready to hop once more.
The catoblepas gores you but does no damage.
The catoblepas gores you!
You have turned to stone.
The catoblepas breathes a plume of calcifying dust at you.
The blast of calcifying dust hits you!
You are engulfed in calcifying dust.
The catoblepas gores you!!
* * * LOW HITPOINT WARNING * * *
The death yak snorts and paws the ground.
You are engulfed in calcifying dust.
The catoblepas gores you!
* * * LOW HITPOINT WARNING * * *
You are engulfed in calcifying dust.
The catoblepas gores you!!
* * * LOW HITPOINT WARNING * * *
You are engulfed in calcifying dust.
The catoblepas gores you!!
You die...

▓▓▓▓▓▓▓▓▓▓▓▓▓▓▓▓▓▓▓▓▓▓▓▓▓▓▓▓▓▓▓▓▓
..'________________________'.?|).
▓▓▓▓▓▓▓▓▓▓▓▓▓▓▓▓▓▓▓▓▓▓▓▓▓▓▓▓▓▓▓▓▓
.................................
▓▓▓▓▓▓▓▓▓▓▓▓▓▓▓▓▓▓▓▓▓▓▓▓▓▓▓▓▓▓▓▓▓
.......†....§§§)@YYYYYYY..YY..YYY
▓▓▓▓▓▓▓▓▓▓▓▓▓▓▓▓▓▓▓▓▓▓▓▓▓▓▓▓▓▓▓▓▓


You could see 2 death yaks, 2 catoblepae and 3 yaks.

Vanquished Creatures
  A two-headed ogre (D)
  An elephant (D)
  2 spiny frogs (D)
  A komodo dragon (D)
  A hippogriff (D)
  A yak (D)
  7 water moccasins (D)
  A porcupine (D)
  An eye of draining (D)
  A centaur (D)
  An ogre (D)
  A wolf (D)
  2 crocodiles (D)
  5 bullfrogs (D)
  A big kobold (D)
  A killer bee (D)
  A wight (D)
  2 hounds (D)
  A worker ant (D)
  2 adders (D)
  A dart slug (D)
  2 leopard geckos (D)
  A goblin (D)
  A hobgoblin (D)
  A rat (D)
40 creatures vanquished.

Vanquished Creatures (collateral kills)
  A death yak (D)
1 creature vanquished.

Grand Total: 41 creatures vanquished

Notes
Turn   | Place    | Note
-------+----------+-------------------------------------------
     0 | D        | Psiloshibe the Barachi Berserker began the quest for the Orb.
     0 | D        | Reached XP level 1. HP: 18/18 MP: 1/1
    12 | D        | Reached ** piety under Trog
    14 | D        | Reached XP level 2. HP: 11/26 MP: 2/2
   247 | D        | Noticed a centaur
   251 | D        | Reached skill level 5 in Fighting
   251 | D        | Reached skill level 5 in Long Blades
   251 | D        | Reached XP level 3. HP: 34/34 MP: 3/3
   256 | D        | Reached *** piety under Trog
   260 | D        | Killed a centaur
   260 | D        | Reached XP level 4. HP: 44/44 MP: 4/4
   260 | D        | Reached XP level 5. HP: 49/49 MP: 5/5
   364 | D        | Found a roughly hewn altar of Beogh.
   364 | D        | Found a snail-covered altar of Cheibriados.
   364 | D        | Found a shadowy altar of Dithmenos.
   364 | D        | Found a white marble altar of Elyvilon.
   364 | D        | Found a blossoming altar of Fedhas.
   364 | D        | Found an opulent altar of Gozag.
   364 | D        | Found a hazy altar of Hepliaklqana.
   365 | D        | Found a viscous altar of Jiyva.
   366 | D        | Found an ancient bone altar of Kikubaaqudgha.
   367 | D        | Found a corrupted altar of Lugonu.
   368 | D        | Found a burning altar of Makhleb.
   369 | D        | Found a sparkling altar of Nemelex Xobeh.
   370 | D        | Found an iron altar of Okawaru.
   371 | D        | Found a stormy altar of Qazlal.
   372 | D        | Found a sacrificial altar of Ru.
   373 | D        | Found a deep blue altar of Sif Muna.
   374 | D        | Found a bloodstained altar of Trog.
   375 | D        | Found a hide-covered altar of Uskayaw.
   376 | D        | Found a radiant altar of Vehumet.
   377 | D        | Found an ornate altar of the Wu Jian Council.
   378 | D        | Found a shimmering altar of Xom.
   379 | D        | Found a basalt altar of Yredelemnul.
   380 | D        | Found a glowing silver altar of Zin.
   381 | D        | Found a glowing golden altar of the Shining One.
   437 | D        | Noticed a yak
   437 | D        | Noticed a big kobold
   437 | D        | Noticed an ogre
   452 | D        | Killed a yak
   452 | D        | Reached **** piety under Trog
   452 | D        | Reached skill level 10 in Fighting
   452 | D        | Reached skill level 1 in Short Blades
   452 | D        | Reached skill level 10 in Long Blades
   452 | D        | Reached skill level 5 in Armour
   452 | D        | Reached skill level 5 in Dodging
   452 | D        | Reached XP level 6. HP: 61/61 MP: 6/6
   488 | D        | Reached XP level 7. HP: 68/68 MP: 7/7
   522 | D        | Noticed a two-headed ogre
   522 | D        | Noticed a komodo dragon
   534 | D        | Killed a two-headed ogre
   534 | D        | Reached skill level 5 in Short Blades
   534 | D        | Reached XP level 8. HP: 34/78 MP: 0/8
   542 | D        | Reached ***** piety under Trog
   550 | D        | HP: 3/79 [komodo dragon (18)]
   655 | D        | Killed a komodo dragon
   658 | D        | Reached XP level 9. HP: 58/85 MP: 9/9
   858 | D        | Received a gift from Trog
   861 | D        | Got a shimmering great sword {god gift}
   862 | D        | Identified the +9 great sword of Mastery {drain, rF++ MR++ Int-4} (Trog gifted it to you in the Dungeon)
   881 | D        | Noticed a spiny frog
   881 | D        | Noticed an elephant
   888 | D        | Killed a spiny frog
   888 | D        | Reached skill level 10 in Short Blades
   893 | D        | Noticed a spiny frog
   902 | D        | Killed an elephant
   902 | D        | Reached XP level 10. HP: 71/95 MP: 10/10
   908 | D        | Killed a spiny frog
   908 | D        | Reached ****** piety under Trog
   908 | D        | Received a gift from Trog
   929 | D        | Noticed a death yak
   929 | D        | Noticed a catoblepas
   929 | D        | Noticed a death yak
   929 | D        | Noticed a catoblepas
   929 | D        | Noticed a death yak
   960 | D        | Killed a death yak
   960 | D        | Reached skill level 10 in Dodging
   982 | D        | Slain by a catoblepas

Skill      XL: |  1  2  3  4  5  6  7  8  9 10 |
---------------+-------------------------------+-----
Fighting       | 4 5 8 10 11 12 13 14 | 14.8
Long Blades    | 4 5 8 10 11 13 14 | 14.4
Armour         | 3 4 5 7 9 |  9.6
Dodging        | 3 4 5 6 7 8 9 10 | 10.0
Short Blades   | 1 2 5 6 11 12 | 12.0
Stealth        | |  0.3

Action                   |  1- 3 |  4- 6 |  7- 9 | 10-12 || total
-------------------------+-------+-------+-------+-------++-------
Melee: Falchion          |    21 |     7 |       |       ||    28
       Rapier            |       |    18 |    82 |       ||   100
       Great sword       |       |       |    19 |    13 ||    32
Invok: Berserk           |     2 |     1 |       |     1 ||     4
       Trog's Hand       |     1 |     3 |     6 |     1 ||    11
       Brothers in Arms  |       |       |     1 |     1 ||     2
 Abil: Hop               |       |       |     1 |     1 ||     2
  Use: Potion            |       |       |       |     2 ||     2
 Stab: Petrifying        |       |       |       |     1 ||     1
  Eat: Chunk             |       |     2 |     5 |     2 ||     9
Armor: Animal skin       |     1 |     2 |       |       ||     3
       Ring mail         |       |    11 |     9 |    11 ||    31
Dodge: Dodged            |     6 |    24 |    62 |    13 ||   105
       Rpst.: Falchion   |     3 |       |       |       ||     3
       Great sword       |       |       |     2 |     7 ||     9
